 Dungeon Crawl Stone Soup version 0.28-a0-410-gbef64dd269 (webtiles) character file.

Game seed: 7273680200509272660

2691 mg7810 the Chopper (level 9, -9/66 HPs)
             Began as a Demonspawn Fighter on Sept 6, 2021.
             Was a Priest of Okawaru.
             Mangled by a two-headed ogre (22 damage)
             ... on level 7 of the Dungeon.
             The game lasted 00:17:19 (7419 turns).

mg7810 the Chopper (Demonspawn Fighter)             Turns: 7419, Time: 00:17:20

Health: -9/66      AC: 19    Str: 20    XL:     9   Next: 38%
Magic:  6/13       EV: 10    Int: 10    God:    Okawaru [***...]
Gold:   262        SH: 10    Dex: 12    Spells: 8/8 levels left

rFire   . . .      SeeInvis .   a - +0 war axe
rCold   . . .      Faith    .   c - +0 buckler
rNeg    . . .      Spirit   .   E - +0 chain mail
rPois   +          Reflect  .   w - +0 helmet
rElec   .          Harm     .   A - +0 cloak {Will+}
rCorr   .          Rampage  .   e - +0 pair of gloves
Will    +....                   (no boots)
Stlth   ..........              (no amulet)
HPRegen 0.21/turn               C - ring of flight
MPRegen 0.13/turn               i - ring of poison resistance

@: heroic, finesse-ful, flying
A: talons 1, icemail 1, condensation shield, demonic magic 2
a: Renounce Religion, Heroism


You were on level 7 of the Dungeon.
You worshipped Okawaru.
Okawaru was most pleased with you.
You visited 2 branches of the dungeon, and saw 8 of its levels.

You collected 262 gold pieces.

Inventory:

Hand Weapons
 a - a +0 war axe (weapon)
 l - a +0 whip of electrocution
Missiles
 s - 11 poisoned darts (quivered)
 z - 2 javelins
 D - 3 boomerangs
Armour
 b - a +0 scale mail
 c - a +0 buckler (worn)
 e - a +0 pair of gloves (worn)
 w - a +0 helmet (worn)
 A - a +0 cloak of willpower (worn)
 E - a +0 chain mail (worn)
Jewellery
 f - a ring of protection from cold
 i - a ring of poison resistance (right hand)
 k - a +6 ring of intelligence
 m - a ring of fire
 n - a +6 ring of dexterity
 C - a ring of flight (left hand)
Wands
 u - a wand of flame (15)
 y - a wand of iceblast (13)
Scrolls
 g - 5 scrolls of identify {unknown}
 h - 3 scrolls of teleportation {unknown}
 j - a scroll of brand weapon {unknown}
 q - 3 scrolls of noise {unknown}
 r - 2 scrolls of amnesia {unknown}
 v - a scroll of fear {unknown}
 x - a scroll of blinking {unknown}
Potions
 d - a potion of might
 o - a potion of haste
 p - a potion of curing
 t - 2 potions of lignification {unknown}
 B - a potion of ambrosia {unknown}


   Skills:
 + Level 4.5(9.5) Fighting
 + Level 6.6(11.6) Axes
 * Level 3.4(8.4) Throwing
 + Level 4.7(9.7) Armour
 + Level 2.2(7.2) Dodging
 + Level 4.4(9.4) Shields
 + Level 1.5(6.5) Unarmed Combat
 * Level 6.2 Invocations
 * Level 3.9 Evocations


You had 8 spell levels left.
You didn't know any spells.
Your spell library contained the following spells:

 Spells                   Type           Power      Damage    Failure   Level
 Static Discharge         Conj/Air       0%         N/A       99%         2
 Lightning Bolt           Conj/Air       0%         1d11      100%        5
 Maxwell's Capacitive Co  Air            0%         ∞         100%        8
 Summon Small Mammal      Summ           Unusable   N/A       N/A         1
 Call Canine Familiar     Summ           Unusable   N/A       N/A         3
 Summon Guardian Golem    Hex/Summ       Unusable   N/A       N/A         3

Dungeon Overview and Level Annotations

Branches:
Dungeon (7/15)             Temple (1/1) D:5

Altars:
Ashenzari
Cheibriados
Dithmenos
Elyvilon
Fedhas
Gozag
Hepliaklqana
Kikubaaqudgha
Makhleb
Nemelex Xobeh
Okawaru
Sif Muna
Trog
Vehumet
Wu Jian
Xom
Yredelemnul
Zin
The Shining One

Shops:
D:2 :   D:6 *

Annotations:
D:5 2 transporters
D:7 2 runed translucent doors, Shayle's ghost, novice DjWr


Innate Abilities, Weirdness & Mutations

You have sharp toenails.
A meltable icy envelope protects you from harm. (AC +4)
A meltable shield of frost defends you. (SH +4)
Spells you cast may paralyse nearby enemies.


Message History

You block the bullfrog zombie's attack. Something hits you but does no damage.
The two-headed ogre hits you with a +0 giant spiked club!!
The two-headed ogre hits you with a +0 giant club!
You slash the two-headed ogre!
The two-headed ogre is heavily wounded.
You slash the orc!
You kill the orc!
Okawaru accepts your kill.
You closely miss the bullfrog zombie. You barely miss something.
The orc priest casts a cantrip, but nothing happens.
You barely miss the two-headed ogre. You claw the two-headed ogre.
The two-headed ogre is heavily wounded.
You closely miss something. You barely miss the bullfrog zombie.
You block the bullfrog zombie's attack. Something hits you but does no damage.
You barely miss the two-headed ogre.
The two-headed ogre is heavily wounded.
You slash the bullfrog zombie! You slash something! Okawaru accepts your kill.
Reactivating autopickup.
You feel a bit more experienced. The two-headed ogre barely misses you.
The two-headed ogre hits you but does no damage.
You hit the two-headed ogre but do no damage.
The two-headed ogre is heavily wounded.
You hit the bullfrog zombie but do no damage.
The bullfrog zombie hits you but does no damage.
You hit the two-headed ogre but do no damage.
The two-headed ogre is heavily wounded.
You closely miss the bullfrog zombie.
Shayle's ghost wails, "I have seen your future, and it is all used up."
The shadow imp laughs crazily.
The bullfrog zombie hits you but does no damage.
You hit the two-headed ogre.
You claw the two-headed ogre, but do no damage.
The two-headed ogre is severely wounded.
You completely miss the bullfrog zombie.
You hit the orc priest but do no damage.
The two-headed ogre hits you with a +0 giant spiked club!
* * * LOW HITPOINT WARNING * * *
The two-headed ogre hits you with a +0 giant club!!
You die...

#########........
##................
#..######..######.
#.## #### ## ##.#
# #..# # #..# #
#..# # #)@# #


#ZoO# . #..#... ...# ....# .... ....# ##.### ....+o K## ###.+5. WK .#8. You
could see a two-headed ogre, 2 kobold brigands, an orc priest, an orc wizard,
Shayle's ghost, a shadow imp and a bullfrog zombie.

Vanquished Creatures
  Pikel (D:5)
  Eustachio (D:4)
  Edmund (D:4)
  Menkaure (D:4)
  2 water moccasins (D:6)
  A black bear (D:6)
  A necrophage (D:6)
  A centaur (D:4)
  2 phantoms
  2 bullfrogs
  5 scorpions
  2 wyvern skeletons (D:6)
  A water moccasin zombie (D:5)
  2 bullfrog zombies
  2 hounds
  Crazy Yiuf (D:4)
  3 orc priests
  An iguana (D:5)
  A jelly (D:3)
  4 orc wizards
  A hound skeleton (D:4)
  A howler monkey zombie (D:6)
  Robin (D:4)
  A howler monkey skeleton (D:6)
  7 gnolls
  An adder (D:4)
  2 shadow imps
  2 white imps (D:6)
  An ufetubus (D:5)
  An adder zombie (D:5)
  2 adder skeletons (D:4)
  2 dart slugs (D:3)
  2 worms
  21 orcs
  7 endoplasms
  3 giant cockroaches
  14 goblins
  10 hobgoblins
  5 quokkas
  7 ball pythons
  4 bats
  2 frilled lizards
  10 kobolds
  3 rats
145 creatures vanquished.

Vanquished Creatures (others)
  2 fungi (D:7)
2 creatures vanquished.

Grand Total: 147 creatures vanquished

Notes
Turn   | Place    | Note
-------+----------+-------------------------------------------
     0 | D:1      | mg7810 the Demonspawn Fighter began the quest for the Orb.
     0 | D:1      | Reached XP level 1. HP: 18/18 MP: 1/1
   121 | D:1      | Gained mutation: Spells you cast may paralyse adjacent
                  | enemies. [demonic ancestry]
   121 | D:1      | Reached XP level 2. HP: 24/24 MP: 2/2
   180 | D:1      | Found a faded altar of an unknown god.
   231 | D:1      | Became a worshipper of Warmaster Okawaru
   231 | D:1      | Reached * piety under Okawaru
  1028 | D:2      | Found Yrudue's Book Shoppe.
  1223 | D:2      | Gained mutation: A meltable shield of frost defends you.
                  | (SH +4) [demonic ancestry]
  1223 | D:2      | Reached XP level 3. HP: 28/29 MP: 3/3
  2043 | D:3      | Reached skill level 1 in Invocations
  2282 | D:3      | Reached XP level 4. HP: 25/35 MP: 1/5
  2703 | D:3      | Found a shimmering altar of Xom.
  2706 | D:3      | Gained mutation: You have sharp toenails. [demonic
                  | ancestry]
  2706 | D:3      | Reached XP level 5. HP: 37/41 MP: 3/6
  2793 | D:3      | Found a burning altar of Makhleb.
  2795 | D:3      | Found an iron altar of Okawaru.
  3008 | D:4      | Found a shimmering blue altar of Sif Muna.
  3008 | D:4      | Noticed Edmund
  3018 | D:4      | Killed Edmund
  3019 | D:4      | Reached skill level 1 in Dodging
  3019 | D:4      | Reached skill level 1 in Unarmed Combat
  3019 | D:4      | Gained mutation: A meltable icy envelope protects you from
                  | harm. (AC +4) [demonic ancestry]
  3019 | D:4      | Reached XP level 6. HP: 47/47 MP: 4/8
  3201 | D:4      | Found a broken altar of Ashenzari.
  3225 | D:4      | Reached ** piety under Okawaru
  3407 | D:4      | Reached XP level 7. HP: 51/53 MP: 9/9
  3420 | D:4      | Noticed Menkaure
  3429 | D:4      | Killed Menkaure
  3430 | D:4      | Reached skill level 1 in Evocations
  3850 | D:4      | Found a bloodstained altar of Trog.
  3865 | D:4      | Noticed Robin
  3961 | D:4      | Reached skill level 1 in Throwing
  3965 | D:4      | Killed Robin
  4176 | D:4      | Noticed Eustachio
  4185 | D:4      | Killed Eustachio
  4219 | D:4      | Found a runed translucent door.
  4220 | D:4      | Noticed Crazy Yiuf
  4227 | D:4      | Killed Crazy Yiuf
  4284 | D:5      | Entered Level 5 of the Dungeon
  4308 | D:5      | Found a staircase to the Ecumenical Temple.
  4335 | D:5      | Reached *** piety under Okawaru
  4336 | D:5      | Reached skill level 5 in Axes
  4336 | D:5      | Found a basalt altar of Yredelemnul.
  4409 | D:5      | Gained mutation: Spells you cast may paralyse nearby
                  | enemies. [demonic ancestry]
  4409 | D:5      | Reached XP level 8. HP: 60/60 MP: 11/11
  4416 | Temple   | Entered the Ecumenical Temple
  4753 | D:5      | Found a transporter.
  4802 | D:5      | Noticed Pikel
  4821 | D:5      | Killed Pikel
  4822 | D:5      | Reached skill level 5 in Invocations
  5173 | D:5      | Found a transporter.
  5438 | D:5      | Found an ornate altar of the Wu Jian Council.
  5639 | D:6      | Reached **** piety under Okawaru
  5651 | D:6      | Reached XP level 9. HP: 58/66 MP: 13/13
  6253 | D:6      | Received a gift from Okawaru
  6420 | D:6      | Found Hirchofu's CLEARANCE SALE!.
  7404 | D:7      | Found a large runed translucent door.
  7404 | D:7      | Found a large runed translucent door.
  7406 | D:7      | Noticed a gargoyle
  7407 | D:7      | Noticed a two-headed ogre
  7409 | D:7      | Noticed Shayle's ghost (novice DjWr)
  7419 | D:7      | Mangled by a two-headed ogre

Illustrated notes

Levels and vault maps discovered:
D:1:      heliophobic_arrival_dark_side_of_the_moon, layout_rooms,
          shapermc_ecumenical_altar_totnotflames
D:2:      layout_basic, serial_shops, shop
D:3:      layout_rooms, mainiacjoe_overflow_tiny_flanked,
          chequers_temple_overflow_statue_of_worship, kennysheep_cluttered_room
D:4:      layout_loops_ring, mainiacjoe_overflow_boulevard,
          ashenzari_conservatory_becter, jmf_multi_god_temple,
          minmay_quadrilaterals, uniq_edmund, uniq_robin, uniq_menkaure,
          uniq_crazy_yiuf_cottage, uniq_eustachio
D:5:      gammafunk_steamed_eel, layout_loops_ring,
          mainiacjoe_overflow_alcove_1, lemuel_zombie_altar_yredelemnul,
          minmay_temple_entry_large_hall, uniq_pikel
D:6:      layout_loops_corners, tso_oasis_becter, nicolae_shop_clearance
D:7:      layout_basic, amcnicky_altar_gilded, gammafunk_ghost_nasty_kobolds,
          minmay_hollow_rounded_squares
Temple:   compressed_dpeg_triangle_lava_temple

Skill      XL: |  1  2  3  4  5  6  7  8  9 |
---------------+----------------------------+-----
Axes           | 2 3 4 5 6 |  6.6
Armour         | 3 4 |  4.7
Invocations    | 1 2 3 4 5 6 |  6.2
Shields        | 3 4 |  4.4
Dodging        | 1 2 |  2.2
Unarmed Combat | 1 |  1.5
Evocations     | 2 3 |  3.9
Throwing       | 1 2 3 |  3.4
Fighting       | 4 |  4.5

Action                   |  1- 3 |  4- 6 |  7- 9 || total
-------------------------+-------+-------+-------++-------
Melee: War axe           |   104 |   111 |   281 ||   496
       Kick              |       |    13 |    72 ||    85
Invok: Heroism           |     2 |     2 |     5 ||     9
       Finesse           |       |       |     1 ||     1
  Use: Potion            |     2 |       |     1 ||     3
Armor: Scale mail        |    39 |    57 |   107 ||   203
       Chain mail        |       |       |    14 ||    14
Dodge: Dodged            |    63 |    47 |   115 ||   225
Block: Buckler           |    41 |    55 |   134 ||   230

Table legend: (Time is in decaauts)
 A = Elapsed time spent in this place.
 B = Non-inter-level travel time spent in this place.
 C = Inter-level travel time spent in this place.
 D = Time resting spent in this place.
 E = Time spent auto-exploring this place.
 F = Levels seen in this place.
 G = Mean time per level.
                   A        B        C        D        E       F      G
               +--------+--------+--------+--------+--------+-----+--------+
         Total |   7537 |   7205 |    332 |      0 |   5786 |   8 |  942.1 |
       Dungeon |   7235 |   6903 |    332 |      0 |   5525 |   7 | 1033.6 |
        Temple |    302 |    302 |      0 |      0 |    261 |   1 |  302.0 |
               +--------+--------+--------+--------+--------+-----+--------+

Top non-repeatable levels by time:
     D:6: 1643 daAuts
     D:2: 1639 daAuts
     D:4: 1338 daAuts
     D:5: 1037 daAuts
     D:3: 759 daAuts
     D:1: 631 daAuts
  Temple: 302 daAuts
     D:7: 184 daAuts
